TOP OF THE 1ST |
Lake County Captains batting - Pitching for Lansing Lugnuts : RHP Ben Knapp
|
Pitching: RHP Ben Knapp
|
|
Batting: RHB Kenzo Shinoda
|
0-0: Ground out 6-3 (Groundball, P, EV 83.8 MPH)
|
Batting: RHB Steve Gusman
|
0-0: Swinging Strike 0-1: Ball 1-1: Ground out 5-3 (Groundball, 56, EV 81.9 MPH)
|
Batting: RHB Josh Patterson
|
0-0: Called Strike 0-1: Swinging Strike 0-2: Ball 1-2: Foul Ball, location: 2F 1-2: Ball 2-2: Strikes out looking
|
Top of the 1st over - 0 runs, 0 hits, 0 errors, 0 left on base; Lake County 0 - Lansing 0 |
BOTTOM OF THE 1ST |
Lansing Lugnuts batting - Pitching for Lake County Captains : RHP Alex Mora
|
Pitching: RHP Alex Mora
|
|
Batting: LHB Timo Gomez
|
0-0: Foul Ball, location: 2F 0-1: Ball 1-1: Ball 2-1: SINGLE (Groundball, 34S, EV 73.8 MPH) (infield hit)
|
Batting: LHB Frank Nelson
|
0-0: Ball 1-0: Ball Timo Gomez steals 2nd base 2-0: Called Strike 2-1: Foul Ball, location: 2F 2-2: Fly out, F7 (Line Drive, 7, EV 98.8 MPH)
|
Batting: RHB Raul de la Cruz
|
0-0: Ball 1-0: Swinging Strike 1-1: Ground out 5-3 (Groundball, 56, EV 102.5 MPH)
|
Batting: RHB John Michener
|
0-0: SINGLE (Line Drive, 6MD, EV 98.8 MPH) Timo Gomez to third Runner from 3rd tries for Home, throw by CF and OUT! 8-2
|
Bottom of the 1st over - 0 runs, 2 hits, 0 errors, 1 left on base; Lake County 0 - Lansing 0 |
TOP OF THE 2ND |
Lake County Captains batting - Pitching for Lansing Lugnuts : RHP Ben Knapp
|
Batting: LHB Jeff Palmowski
|
0-0: Called Strike 0-1: Ball 1-1: Ball 2-1: Ball 3-1: Ground out 5-3 (Groundball, 5, EV 86.2 MPH)
|
Batting: RHB Adam McMillen
|
0-0: Ball 1-0: Foul Ball, location: 2F 1-1: Foul Ball, location: 2F 1-2: SINGLE (Line Drive, 89S, EV 107.5 MPH)
|
Batting: LHB Aaron Caron
|
0-0: Swinging Strike 0-1: Ball 1-1: Ball 2-1: Fielders Choice at 2nd, 4-6 (Groundball, 4, EV 91.2 MPH)
|
Batting: RHB Chris Diaz
|
0-0: Called Strike 0-1: Swinging Strike 0-2: Fielders Choice at 2nd, 6-4 (Groundball, 6, EV 85.0 MPH)
|
Top of the 2nd over - 0 runs, 1 hit, 0 errors, 1 left on base; Lake County 0 - Lansing 0 |
BOTTOM OF THE 2ND |
Lansing Lugnuts batting - Pitching for Lake County Captains : RHP Alex Mora
|
Batting: SHB Gregg Whitecotton
|
0-0: Ground out 5-3 (Groundball, 56S, EV 90.0 MPH)
|
Batting: RHB Jose Ontiveros
|
0-0: Ground out 6-3 (Groundball, 56, EV 85.6 MPH)
|
Batting: RHB Dan Muns
|
0-0: Ball 1-0: Foul Ball, location: 2F 1-1: Foul Ball, location: 2F 1-2: Fly out, F9 (Flyball, 89M, EV 94.4 MPH)
|
Bottom of the 2nd over - 0 runs, 0 hits, 0 errors, 0 left on base; Lake County 0 - Lansing 0 |
TOP OF THE 3RD |
Lake County Captains batting - Pitching for Lansing Lugnuts : RHP Ben Knapp
|
Batting: RHB John Bianconi
|
0-0: Ball 1-0: Ground out 5-3 (Groundball, 5D, EV 96.9 MPH)
|
Batting: RHB Anibal Casteles
|
0-0: Swinging Strike 0-1: Ground out 4-3 (Groundball, 4, EV 99.4 MPH)
|
Batting: RHB Kenzo Shinoda
|
0-0: SINGLE (Groundball, 56D, EV 99.4 MPH)
|
Batting: RHB Steve Gusman
|
0-0: Ball Kenzo Shinoda steals 2nd base 1-0: Ground out 5-3 (Groundball, 15, EV 89.4 MPH)
|
Top of the 3rd over - 0 runs, 1 hit, 0 errors, 1 left on base; Lake County 0 - Lansing 0 |
BOTTOM OF THE 3RD |
Lansing Lugnuts batting - Pitching for Lake County Captains : RHP Alex Mora
|
Batting: LHB Roger Escareno
|
0-0: Ball 1-0: Ground out 4-3 (Groundball, 4, EV 86.9 MPH)
|
Batting: RHB Shunsuke Shiba Inu
|
0-0: Ground out 5-3 (Groundball, 56, EV 91.2 MPH)
|
Batting: LHB Timo Gomez
|
0-0: Ground out 5-3 (Groundball, 5, EV 87.5 MPH)
|
Bottom of the 3rd over - 0 runs, 0 hits, 0 errors, 0 left on base; Lake County 0 - Lansing 0 |
TOP OF THE 4TH |
Lake County Captains batting - Pitching for Lansing Lugnuts : RHP Ben Knapp
|
Batting: RHB Josh Patterson
|
0-0: Called Strike 0-1: Foul Ball, location: 2F 0-2: Hit by Pitch
|
Batting: LHB Jeff Palmowski
|
0-0: Called Strike Josh Patterson steals 2nd base 0-1: Swinging Strike 0-2: Strikes out looking
|
Batting: RHB Adam McMillen
|
0-0: Called Strike 0-1: Ball 1-1: Ball 2-1: Called Strike 2-2: Ground out 3-1 (Groundball, 34S, EV 90.0 MPH) Josh Patterson to third
|
Batting: LHB Aaron Caron
|
0-0: Ball 1-0: Ball 2-0: Swinging Strike 2-1: Foul Ball, location: 2F 2-2: Strikes out swinging
|
Top of the 4th over - 0 runs, 0 hits, 0 errors, 1 left on base; Lake County 0 - Lansing 0 |
BOTTOM OF THE 4TH |
Lansing Lugnuts batting - Pitching for Lake County Captains : RHP Alex Mora
|
Batting: LHB Frank Nelson
|
0-0: Swinging Strike 0-1: Foul Ball, location: 2F 0-2: Strikes out swinging
|
Batting: RHB Raul de la Cruz
|
0-0: Ball 1-0: Ball 2-0: Called Strike 2-1: SINGLE (Line Drive, 8RS, EV 96.9 MPH)
|
Batting: RHB John Michener
|
0-0: Called Strike 0-1: Ball 1-1: Ball 2-1: Ball 3-1: Reached on error, E1 (Groundball, 13S, EV 75.0 MPH) Raul de la Cruz to second
|
Batting: SHB Gregg Whitecotton
|
0-0: Foul Ball, location: 2F 0-1: Foul Ball, location: 2F 0-2: SINGLE (Groundball, 6MD, EV 96.9 MPH) Raul de la Cruz to third John Michener to second Runner from 3rd tries for Home, SAFE, throw by CF to home
|
Batting: RHB Jose Ontiveros
|
0-0: Called Strike 0-1: Ball 1-1: Swinging Strike 1-2: Ball 2-2: Ball 3-2: Foul Ball, location: 2F 3-2: Foul Ball, location: 2F 3-2: SINGLE (Groundball, 4M, EV 87.5 MPH) (infield hit) John Michener to third Gregg Whitecotton to second
|
Batting: RHB Dan Muns
|
0-0: Ball 1-0: Grounds into double play, 5-4-3 (Groundball, 5S, EV 93.1 MPH)
|
Bottom of the 4th over - 1 run, 3 hits, 1 error, 2 left on base; Lake County 0 - Lansing 1 |
TOP OF THE 5TH |
Lake County Captains batting - Pitching for Lansing Lugnuts : RHP Ben Knapp
|
Batting: RHB Chris Diaz
|
0-0: Called Strike 0-1: Ball 1-1: Foul Ball, location: 2F 1-2: Foul Ball, location: 2F 1-2: Ball 2-2: Foul Ball, location: 2F 2-2: Foul Ball, location: 2F 2-2: SOLO HOME RUN (Line Drive, 7D, EV 97.5 MPH), Distance : 364 ft
|
Batting: RHB John Bianconi
|
0-0: Ground out 3-1 (Groundball, 34, EV 100.6 MPH)
|
Batting: RHB Anibal Casteles
|
0-0: Ball 1-0: Called Strike 1-1: Called Strike 1-2: Reached on error, E6 (Groundball, 6, EV 100.6 MPH)
|
Batting: RHB Kenzo Shinoda
|
0-0: Ball 1-0: Swinging Strike 1-1: Foul Ball, location: 2F 1-2: Ball Wild Pitch! Anibal Casteles to third 2-2: Ground out 4-3 (Groundball, 4, EV 104.4 MPH) Anibal Casteles scores
|
Batting: RHB Steve Gusman
|
0-0: Ball 1-0: SINGLE (Line Drive, 34, EV 95.0 MPH)
|
Batting: RHB Josh Patterson
|
0-0: Called Strike Steve Gusman steals 2nd base 0-1: Ball 1-1: Swinging Strike 1-2: Strikes out swinging
|
Top of the 5th over - 2 runs, 2 hits, 1 error, 1 left on base; Lake County 2 - Lansing 1 |
BOTTOM OF THE 5TH |
Lansing Lugnuts batting - Pitching for Lake County Captains : RHP Alex Mora
|
Batting: LHB Roger Escareno
|
0-0: Ball 1-0: Fly out, F8 (Flyball, 8RD, EV 104.4 MPH)
|
Batting: RHB Shunsuke Shiba Inu
|
0-0: Called Strike 0-1: Called Strike 0-2: Strikes out swinging
|
Batting: LHB Timo Gomez
|
0-0: Ball 1-0: Foul Ball, location: 2F 1-1: Called Strike 1-2: Ball 2-2: Ball 3-2: Base on Balls
|
Batting: LHB Frank Nelson
|
0-0: Called Strike Timo Gomez steals 2nd base 0-1: Ball 1-1: Swinging Strike 1-2: Ball 2-2: SINGLE (Line Drive, 8LS, EV 98.1 MPH) Timo Gomez to third Runner from 3rd tries for Home, SAFE, throw by CF to home
|
Batting: RHB Raul de la Cruz
|
0-0: Called Strike Frank Nelson steals 2nd base 0-1: Foul Ball, location: 2F 0-2: Ball 1-2: Strikes out looking
|
Bottom of the 5th over - 1 run, 1 hit, 0 errors, 1 left on base; Lake County 2 - Lansing 2 |
TOP OF THE 6TH |
Lake County Captains batting - Pitching for Lansing Lugnuts : RHP Ben Knapp
|
Batting: LHB Jeff Palmowski
|
0-0: Foul Ball, location: 2F 0-1: Ball 1-1: Fly out, F7 (Line Drive, 7, EV 92.5 MPH)
|
Batting: RHB Adam McMillen
|
0-0: Fly out, F3 (Popup, 3S, EV 76.2 MPH)
|
Batting: LHB Aaron Caron
|
0-0: SINGLE (Groundball, P, EV 85.0 MPH) (infield hit)
|
Batting: RHB Chris Diaz
|
0-0: Called Strike 0-1: Swinging Strike 0-2: Foul Ball, location: 2F 0-2: Ball 1-2: SINGLE (Groundball, 4M, EV 102.5 MPH) (infield hit) Aaron Caron to second
|
Batting: RHB John Bianconi
|
0-0: Ball 1-0: Called Strike 1-1: Ground out 5-3 (Groundball, 5S, EV 65.6 MPH)
|
Top of the 6th over - 0 runs, 2 hits, 0 errors, 2 left on base; Lake County 2 - Lansing 2 |
BOTTOM OF THE 6TH |
Lansing Lugnuts batting - Pitching for Lake County Captains : RHP Alex Mora
|
Batting: RHB John Michener
|
0-0: Ball 1-0: Ball 2-0: Ball 3-0: Called Strike 3-1: Swinging Strike 3-2: Foul Ball, location: 2F 3-2: Foul Ball, location: 2F 3-2: Strikes out swinging
|
Batting: SHB Gregg Whitecotton
|
0-0: Called Strike 0-1: Ball 1-1: Ball 2-1: Ground out 6-3 (Groundball, 6M, EV 102.5 MPH)
|
Batting: RHB Jose Ontiveros
|
0-0: Called Strike 0-1: Ball 1-1: Swinging Strike 1-2: Ground out 6-3 (Groundball, 6, EV 83.1 MPH)
|
Bottom of the 6th over - 0 runs, 0 hits, 0 errors, 0 left on base; Lake County 2 - Lansing 2 |
TOP OF THE 7TH |
Lake County Captains batting - Pitching for Lansing Lugnuts : RHP Ben Knapp
|
Batting: RHB Anibal Casteles
|
0-0: Swinging Strike 0-1: Ball 1-1: Ball 2-1: Foul Ball, location: 2F 2-2: Foul Ball, location: 2F 2-2: Foul Ball, location: 2F 2-2: SINGLE (Flyball, 89S, EV 97.5 MPH)
|
Batting: RHB Kenzo Shinoda
|
0-0: Ball 1-0: Called Strike 1-1: Fly out, F7 (Flyball, 7LS, EV 85.6 MPH)
|
Batting: RHB Steve Gusman
|
0-0: Ball 1-0: Ball 2-0: Foul Ball, location: 2F 2-1: Swinging Strike 2-2: Foul Ball, location: 2F 2-2: Ground out 5-3 (Groundball, 56, EV 106.2 MPH) Anibal Casteles to second
|
Pitching: RHP Bill Couch
|
|
Pinch Hitting: LHB Brandon Hopper
|
0-0: Foul Ball, location: 2F 0-1: Foul Ball, location: 2F 0-2: Foul Ball, location: 2F 0-2: Strikes out swinging
|
Top of the 7th over - 0 runs, 1 hit, 0 errors, 1 left on base; Lake County 2 - Lansing 2 |
BOTTOM OF THE 7TH |
Lansing Lugnuts batting - Pitching for Lake County Captains : RHP Alex Mora
|
Now at 1B: Jeremy Givens
|
|
Batting: RHB Dan Muns
|
0-0: Ground out 1-3 (Groundball, 15S, EV 68.8 MPH)
|
Batting: LHB Roger Escareno
|
0-0: Called Strike 0-1: Ball 1-1: Foul Ball, location: 2F 1-2: Foul Ball, location: 2F 1-2: Ground out 6-3 (Groundball, 4M, EV 85.0 MPH)
|
Batting: RHB Shunsuke Shiba Inu
|
0-0: Called Strike 0-1: Swinging Strike 0-2: Ball 1-2: Strikes out swinging
|
Bottom of the 7th over - 0 runs, 0 hits, 0 errors, 0 left on base; Lake County 2 - Lansing 2 |
TOP OF THE 8TH |
Lake County Captains batting - Pitching for Lansing Lugnuts : RHP Bill Couch
|
Batting: LHB Jeff Palmowski
|
0-0: Swinging Strike 0-1: Foul Ball, location: 2F 0-2: Ball 1-2: Strikes out swinging, 2-3 out at first.
|
Pinch Hitting: LHB Vinny Carreno
|
0-0: Ball 1-0: Fly out, F9 (Flyball, 9S, EV 86.9 MPH)
|
Batting: LHB Aaron Caron
|
0-0: Ground out 6-3 (Groundball, 6S, EV 83.1 MPH)
|
Top of the 8th over - 0 runs, 0 hits, 0 errors, 0 left on base; Lake County 2 - Lansing 2 |
BOTTOM OF THE 8TH |
Lansing Lugnuts batting - Pitching for Lake County Captains : RHP Alex Mora
|
Now at 2B: Reynaldo Herrera
|
|
Now at SS: John Bianconi
|
|
Batting: LHB Timo Gomez
|
0-0: Called Strike 0-1: Ground out 4-3 (Groundball, 4, EV 100.0 MPH)
|
Batting: LHB Frank Nelson
|
0-0: Foul Ball, location: 2F 0-1: Ball 1-1: Ball 2-1: Ball 3-1: Foul Ball, location: 2F 3-2: DOUBLE (Groundball, 3L, EV 96.9 MPH)
|
Pitching: LHP Valentin Ciubotariu
|
|
Batting: RHB Raul de la Cruz
|
0-0: Ground out 3-1 (Groundball, 34, EV 105.0 MPH) Frank Nelson to third
|
Batting: RHB John Michener
|
0-0: Ball 1-0: Called Strike 1-1: SINGLE (Line Drive, 34D, EV 105.0 MPH) Frank Nelson scores
|
Batting: SHB Gregg Whitecotton
|
0-0: Ball Wild Pitch! John Michener to second 1-0: Swinging Strike 1-1: Foul Ball, location: 2F 1-2: Ground out U3 (Groundball, 34S, EV 78.1 MPH)
|
Bottom of the 8th over - 1 run, 2 hits, 0 errors, 1 left on base; Lake County 2 - Lansing 3 |
TOP OF THE 9TH |
Lake County Captains batting - Pitching for Lansing Lugnuts : RHP Bill Couch
|
Pitching: LHP Nick Burnstein
|
|
Now at 2B: Dylan Phillips
|
|
Now in RF: Julio Canseco
|
|
Batting: RHB Chris Diaz
|
0-0: Called Strike 0-1: Called Strike 0-2: Ball 1-2: Foul Ball, location: 2F 1-2: Foul Ball, location: 2F 1-2: Foul Ball, location: 2F 1-2: Foul Ball, location: 2F 1-2: SINGLE (Groundball, 56D, EV 94.4 MPH)
|
Batting: RHB John Bianconi
|
0-0: Called Strike 0-1: Foul Ball, location: 2F 0-2: Strikes out swinging
|
Batting: RHB Anibal Casteles
|
0-0: Called Strike 0-1: Foul Ball, location: 2F 0-2: Strikes out swinging
|
Batting: RHB Kenzo Shinoda
|
0-0: Ball 1-0: Foul Ball, location: 2F 1-1: Called Strike 1-2: Fly out, F6 (Popup, 15, EV 85.6 MPH)
|
Top of the 9th over - 0 runs, 1 hit, 0 errors, 1 left on base; Lake County 2 - Lansing 3 |
|